General information
- name: BNet
- type: Ladder team game (AT/RT)
- host: Battle.net
- saver: Mata.
map: FullScaleAssault
- players: 8
- length: 90:13
- speed: Fast
- version: 1.24 W3XP
- replay type:

» download(893 KB)
Players
team 1 (loser)
Homebrew. (
pink | 73 APM | 6607 actions | 90:12)
9 Tauren Chieftain
3 War Stomp
3 Endurance Aura
1 Reincarnation
2 Shockwave
8 Shadow Hunter
3 Healing Wave
3 Hex
1 Big Bad Voodoo
1 Serpent Ward
» actions
| Assign group hotkey | 49 | |
| Basic commands | 1292 | |
| Build / train | 123 | |
| ESC pressed | 8 | |
| Enter build submenu | 40 | |
| Enter hero's abilities submenu | 17 | |
| Give item / drop item | 4 | |
| Right click | 1567 | |
| Select / deselect | 1191 | |
| Select group hotkey | 2031 | |
| Use ability | 285 | |
6607 total
» units
| Peon | 17 | |
| Grunt | 6 | |
| Troll Headhunter/Berserker | 4 | |
| Goblin Shredder | 1 | |
| Troll Witch Doctor | 8 | |
| Raider | 8 | |
| Tauren | 12 | |
| Kodo Beast | 4 | |
| Shaman | 5 | |
| Wind Rider | 6 | |
71 total
» upgrades
| Witch Doctor Training | 2 | |
| Shaman Training | 2 | |
| Reinforced Defenses | 1 | |
| Ensnare | 1 | |
| War Drums Damage Increase | 1 | |
| Pulverize | 1 | |
| Armor | 2 | |
| Spiked Barricades | 1 | |
| Ranged Weapons | 1 | |
| Melee Weapons | 2 | |
14 total
» buildings
| Altar of Storms | 2 | |
| Orc Burrow | 9 | |
| Barracks | 1 | |
| War Mill | 1 | |
| Stronghold | 2 | |
| Great Hall | 1 | |
| Watch Tower | 8 | |
| Spirit Lodge | 2 | |
| Fortress | 1 | |
| Voodoo Lounge | 4 | |
| Beastiary | 2 | |
| Tauren Totem | 1 | |
34 total
» build order
00:09 Altar of Storms
00:19 Orc Burrow
00:47 Barracks
01:19 War Mill
01:39 Orc Burrow
03:22 Stronghold
04:10 Orc Burrow
05:37 Great Hall
05:50 Watch Tower
05:59 Watch Tower
06:11 Spirit Lodge
06:46 Fortress
06:57 Voodoo Lounge
07:34 Orc Burrow
08:26 Beastiary
09:10 Tauren Totem
09:26 Watch Tower
13:17 Orc Burrow
13:42 Orc Burrow
17:40 Orc Burrow
20:41 Watch Tower
20:44 Watch Tower
20:46 Watch Tower
21:41 Watch Tower
22:55 Voodoo Lounge
23:03 Orc Burrow
28:45 Voodoo Lounge
39:02 Stronghold
39:16 Watch Tower
39:20 Voodoo Lounge
42:57 Altar of Storms
43:57 Spirit Lodge
44:10 Orc Burrow
46:04 Beastiary
» items
| Scroll of Town Portal | 5 | |
| Scroll of Protection | 2 | |
| Potion of Lesser Invulnerability | 3 | |
| Scroll of Healing | 1 | |
| Lesser Clarity Potion | 3 | |
| Orb of Lightning | 1 | |
| Tiny Great Hall | 1 | |
16 total
Homeskillet. (
orange | 82 APM | 7395 actions | 90:12)
6 Death Knight
3 Death Coil
2 Unholy Aura
1 Animate Dead
3 Lich
2 Frost Nova
1 Dark Ritual
» actions
| Assign group hotkey | 71 | |
| Basic commands | 173 | |
| Build / train | 124 | |
| ESC pressed | 6 | |
| Enter build submenu | 84 | |
| Enter hero's abilities submenu | 9 | |
| Right click | 2859 | |
| Select / deselect | 1141 | |
| Select group hotkey | 2744 | |
| Use ability | 184 | |
7395 total
» units
| Acolyte | 32 | |
| Ghoul | 11 | |
| Crypt Fiend | 14 | |
| Gargoyle | 2 | |
| Frost Wyrm | 6 | |
| Blue Dragon | 4 | |
| Blue Drake | 3 | |
| Blue Dragon Whelp | 5 | |
77 total
» upgrades
| Web | 1 | |
| Creature Attack | 3 | |
| Creature Carapace | 3 | |
7 total
» buildings
| Crypt | 3 | |
| Altar of Darkness | 4 | |
| Ziggurat | 19 | |
| Graveyard | 3 | |
| Nerubian Tower | 5 | |
| Tomb of Relics | 2 | |
| Halls of the Dead | 2 | |
| Black Citadel | 3 | |
| Sacrificial Pit | 2 | |
| Necropolis | 7 | |
| Boneyard | 2 | |
| Spirit Tower | 1 | |
53 total
» build order
00:12 Crypt
00:17 Altar of Darkness
00:37 Ziggurat
01:00 Graveyard
01:32 Ziggurat
01:48 Nerubian Tower
01:52 Tomb of Relics
02:04 Nerubian Tower
04:05 Ziggurat
04:47 Halls of the Dead
07:40 Black Citadel
08:25 Sacrificial Pit
08:56 Necropolis
09:54 Ziggurat
12:07 Necropolis
12:27 Graveyard
12:31 Crypt
12:37 Nerubian Tower
14:12 Ziggurat
14:14 Ziggurat
14:32 Ziggurat
15:48 Halls of the Dead
16:34 Ziggurat
17:12 Ziggurat
18:34 Altar of Darkness
20:28 Black Citadel
20:28 Black Citadel
20:36 Sacrificial Pit
22:57 Boneyard
23:14 Boneyard
25:07 Ziggurat
27:56 Tomb of Relics
28:08 Necropolis
28:10 Ziggurat
30:34 Spirit Tower
31:34 Necropolis
57:24 Necropolis
59:33 Ziggurat
66:11 Altar of Darkness
66:49 Ziggurat
68:56 Nerubian Tower
68:59 Crypt
70:28 Graveyard
71:30 Ziggurat
73:22 Necropolis
73:58 Ziggurat
77:59 Necropolis
79:55 Ziggurat
79:59 Ziggurat
80:38 Altar of Darkness
81:30 Nerubian Tower
83:07 Ziggurat
83:42 Ziggurat
» items
| Scroll of Town Portal | 11 | |
| Scroll of Protection | 1 | |
| Potion of Healing | 1 | |
| Scroll of Speed | 2 | |
| Orb of Lightning | 1 | |
| Potion of Lesser Invulnerability | 2 | |
18 total
HomeSnaggle. (
teal | 83 APM | 7445 actions | 90:12)
7 Dark Ranger
3 Black Arrow
3 Silence
1 Charm
7 Priestess of the Moon
3 Searing Arrows
3 Trueshot Aura
1 Starfall
» actions
| Assign group hotkey | 102 | |
| Basic commands | 1246 | |
| Build / train | 93 | |
| Enter build submenu | 19 | |
| Enter hero's abilities submenu | 15 | |
| Give item / drop item | 3 | |
| Remove unit from queue | 6 | |
| Right click | 2000 | |
| Select / deselect | 428 | |
| Select group hotkey | 3397 | |
| Use ability | 136 | |
7445 total
» units
| Wisp | 15 | |
| Archer | 11 | |
| Druid of the Talon | 5 | |
| Hippogryph | 10 | |
| Dryad | 4 | |
45 total
» upgrades
| Strength of the Moon | 2 | |
| Improved Bows | 1 | |
| Hippogryph Taming | 1 | |
| Moon Armor | 2 | |
| Druid of the Talon Training | 2 | |
| Ultravision | 1 | |
| Mark of the Talon | 1 | |
| Strength of the Wild | 2 | |
| Marksmanship | 1 | |
| Reinforced Hides | 2 | |
| Abolish Magic | 1 | |
| Nature's Blessing | 1 | |
17 total
» buildings
| Moon Well | 7 | |
| Ancient of War | 1 | |
| Altar of Elders | 1 | |
| Ancient of Wonders | 2 | |
| Hunter's Hall | 1 | |
| Tree of Ages | 2 | |
| Ancient of Wind | 2 | |
| Tree of Eternity | 1 | |
| Ancient of Lore | 1 | |
| Tree of Life | 3 | |
21 total
» build order
00:20 Moon Well
00:37 Ancient of War
00:47 Altar of Elders
01:20 Moon Well
01:50 Ancient of Wonders
03:02 Moon Well
03:37 Hunter's Hall
04:35 Tree of Ages
04:35 Tree of Ages
05:26 Moon Well
07:02 Ancient of Wind
07:03 Ancient of Wind
07:45 Moon Well
11:16 Moon Well
13:38 Tree of Eternity
20:58 Ancient of Lore
22:00 Tree of Life
24:16 Tree of Life
24:43 Moon Well
27:57 Ancient of Wonders
31:02 Tree of Life
» items
| Scroll of Town Portal | 2 | |
| Potion of Lesser Invulnerability | 1 | |
| Orb of Lightning | 1 | |
| Healing Salve | 1 | |
| Potion of Healing | 1 | |
6 total
Homestuff. (
red | 69 APM | 6230 actions | 90:12)
8 Mountain King
3 Storm Bolt
3 Bash
1 Avatar
1 Thunder Clap
8 Blood Mage
3 Banish
3 Siphon Mana
1 Summon Phoenix
1 Flame Strike
» actions
| Assign group hotkey | 45 | |
| Basic commands | 177 | |
| Build / train | 108 | |
| ESC pressed | 55 | |
| Enter build submenu | 39 | |
| Enter hero's abilities submenu | 16 | |
| Give item / drop item | 5 | |
| Remove unit from queue | 55 | |
| Right click | 2540 | |
| Select / deselect | 1363 | |
| Select group hotkey | 1594 | |
| Use ability | 233 | |
6230 total
» units
| Peasant | 16 | |
| Footman | 7 | |
| Gryphon Rider | 9 | |
| Dragonhawk Rider | 12 | |
| Goblin Zeppelin | 1 | |
| Flying Machine | -48 | |
-3 total
» upgrades
| Swords | 3 | |
| Lumber Harvesting | 2 | |
| Defend | 1 | |
| Armor | 3 | |
| Animal War Training | 1 | |
| Storm Hammers | 2 | |
| Cloud | 1 | |
| Flak Cannons | 1 | |
| Barrage | 1 | |
15 total
» buildings
| Altar of Kings | 1 | |
| Farm | 12 | |
| Barracks | 1 | |
| Scout Tower | 10 | |
| Arcane Tower | 3 | |
| Blacksmith | 1 | |
| Town Hall | 4 | |
| Keep | 1 | |
| Lumber Mill | 1 | |
| Guard Tower | 3 | |
| Castle | 1 | |
| Gryphon Aviary | 3 | |
| Arcane Vault | 2 | |
| Workshop | 1 | |
44 total
» build order
00:09 Altar of Kings
00:35 Farm
00:50 Barracks
00:56 Farm
01:51 Scout Tower
01:59 Farm
02:23 Arcane Tower
02:35 Farm
03:29 Blacksmith
03:48 Town Hall
04:18 Keep
05:30 Scout Tower
05:32 Scout Tower
05:43 Lumber Mill
05:57 Arcane Tower
05:59 Scout Tower
07:02 Arcane Tower
07:03 Guard Tower
07:18 Castle
07:51 Farm
08:58 Gryphon Aviary
09:02 Gryphon Aviary
10:35 Arcane Vault
10:41 Gryphon Aviary
12:08 Farm
12:54 Farm
13:34 Farm
14:19 Farm
15:02 Workshop
16:35 Farm
17:18 Farm
17:59 Scout Tower
17:59 Scout Tower
19:02 Guard Tower
19:09 Farm
21:01 Arcane Vault
32:19 Town Hall
42:53 Scout Tower
42:54 Scout Tower
43:35 Guard Tower
43:36 Scout Tower
43:43 Town Hall
43:55 Scout Tower
46:00 Town Hall
» items
| Dust of Appearance | 1 | |
| Boots of Speed | 1 | |
| Circlet of Nobility | 1 | |
| Periapt of Vitality | 1 | |
| Potion of Lesser Invulnerability | 2 | |
| Scroll of Regeneration | 5 | |
| Potion of Healing | 2 | |
| Scroll of Town Portal | 2 | |
15 total
team 2 (winner)
ELIJAHCUMMINGS (
blue | 125 APM | 11305 actions | 90:12)
5 Crypt Lord
3 Carrion Beetles
2 Spiked Carapace
» actions
| Assign group hotkey | 57 | |
| Basic commands | 185 | |
| Build / train | 92 | |
| Enter build submenu | 35 | |
| Enter hero's abilities submenu | 5 | |
| Give item / drop item | 1 | |
| Remove unit from queue | 5 | |
| Right click | 3410 | |
| Select / deselect | 2122 | |
| Select group hotkey | 5277 | |
| Use ability | 111 | |
11305 total
» units
| Acolyte | 24 | |
| Ghoul | 4 | |
| Meatwagon | 3 | |
| Frost Wyrm | 16 | |
47 total
» upgrades
| Unholy Strength | 2 | |
| Creature Attack | 3 | |
| Creature Carapace | 3 | |
| Freezing Breath | 1 | |
9 total
» buildings
| Graveyard | 1 | |
| Crypt | 1 | |
| Altar of Darkness | 2 | |
| Ziggurat | 10 | |
| Necropolis | 3 | |
| Tomb of Relics | 1 | |
| Halls of the Dead | 3 | |
| Slaughterhouse | 3 | |
| Spirit Tower | 3 | |
| Black Citadel | 5 | |
| Sacrificial Pit | 1 | |
| Boneyard | 3 | |
36 total
» build order
00:06 Graveyard
00:07 Crypt
00:33 Altar of Darkness
00:50 Ziggurat
01:48 Necropolis
02:00 Tomb of Relics
02:32 Halls of the Dead
02:32 Halls of the Dead
02:32 Halls of the Dead
05:04 Slaughterhouse
05:06 Slaughterhouse
05:06 Slaughterhouse
05:15 Ziggurat
05:30 Necropolis
05:43 Ziggurat
06:33 Spirit Tower
06:34 Spirit Tower
06:44 Spirit Tower
07:38 Ziggurat
07:40 Black Citadel
07:41 Black Citadel
07:41 Black Citadel
10:09 Sacrificial Pit
11:41 Boneyard
11:43 Boneyard
12:28 Ziggurat
12:29 Ziggurat
14:24 Ziggurat
14:48 Boneyard
14:50 Ziggurat
26:02 Ziggurat
27:18 Necropolis
33:43 Ziggurat
52:36 Altar of Darkness
» items
| Rod of Necromancy | 1 | |
| Scroll of Town Portal | 12 | |
| Orb of Corruption | 1 | |
| Scroll of Healing | 1 | |
15 total
Mata. (
green | 107 APM | 9666 actions | 90:13)
8 Archmage
2 Summon Water Elemental
3 Brilliance Aura
2 Blizzard
1 Mass Teleport
6 Mountain King
3 Storm Bolt
2 Bash
1 Avatar
» actions
| Assign group hotkey | 355 | |
| Basic commands | 197 | |
| Build / train | 288 | |
| ESC pressed | 1 | |
| Enter build submenu | 126 | |
| Enter hero's abilities submenu | 15 | |
| Give item / drop item | 6 | |
| Remove unit from queue | 17 | |
| Right click | 4046 | |
| Select / deselect | 2380 | |
| Select group hotkey | 1800 | |
| Use ability | 430 | |
9666 total
» units
| Peasant | 64 | |
| Footman | 9 | |
| Goblin Zeppelin | 10 | |
| Siege Engine | 17 | |
| Gryphon Rider | 4 | |
| Priest | 3 | |
| Dragonhawk Rider | 8 | |
| Flying Machine | -4 | |
111 total
» upgrades
| Masonry | 3 | |
| Lumber Harvesting | 2 | |
| Magic Sentry | 1 | |
| Gunpowder | 3 | |
| Plating | 2 | |
| Barrage | 1 | |
| Flying Machine Bombs | 1 | |
| Storm Hammers | 1 | |
| Priest Training | 2 | |
| Animal War Training | 1 | |
17 total
» buildings
| Altar of Kings | 2 | |
| Barracks | 1 | |
| Farm | 9 | |
| Arcane Vault | 4 | |
| Town Hall | 13 | |
| Scout Tower | 86 | |
| Lumber Mill | 1 | |
| Arcane Tower | 4 | |
| Keep | 3 | |
| Guard Tower | 70 | |
| Castle | 4 | |
| Arcane Sanctum | 1 | |
| Gryphon Aviary | 4 | |
| Blacksmith | 2 | |
| Workshop | 5 | |
209 total
» build order
00:06 Altar of Kings
00:18 Barracks
00:33 Farm
01:05 Farm
01:43 Farm
03:07 Arcane Vault
03:18 Town Hall
03:48 Scout Tower
04:12 Lumber Mill
04:33 Arcane Tower
05:16 Keep
05:48 Scout Tower
06:21 Guard Tower
06:32 Scout Tower
06:32 Scout Tower
06:32 Scout Tower
07:38 Scout Tower
07:39 Scout Tower
07:41 Scout Tower
07:42 Scout Tower
07:54 Guard Tower
07:55 Guard Tower
08:11 Guard Tower
08:14 Scout Tower
08:17 Scout Tower
08:18 Scout Tower
08:22 Scout Tower
08:23 Scout Tower
08:37 Guard Tower
08:37 Guard Tower
08:40 Farm
08:54 Guard Tower
09:39 Town Hall
09:57 Guard Tower
10:58 Town Hall
12:16 Town Hall
12:30 Scout Tower
12:32 Scout Tower
12:32 Scout Tower
12:33 Scout Tower
12:48 Scout Tower
12:49 Scout Tower
12:50 Scout Tower
13:18 Guard Tower
13:20 Scout Tower
13:20 Scout Tower
13:30 Guard Tower
13:31 Guard Tower
13:34 Arcane Vault
13:37 Town Hall
14:01 Guard Tower
14:21 Guard Tower
14:36 Scout Tower
14:37 Scout Tower
14:38 Scout Tower
14:38 Scout Tower
14:39 Scout Tower
14:40 Scout Tower
14:40 Scout Tower
16:00 Guard Tower
16:00 Guard Tower
16:04 Castle
16:05 Castle
16:39 Arcane Vault
16:49 Guard Tower
16:50 Guard Tower
16:56 Scout Tower
16:56 Scout Tower
16:57 Scout Tower
17:00 Scout Tower
17:01 Scout Tower
17:01 Scout Tower
17:02 Scout Tower
17:15 Scout Tower
17:28 Guard Tower
17:28 Guard Tower
17:29 Scout Tower
17:29 Scout Tower
17:29 Scout Tower
17:30 Scout Tower
17:36 Guard Tower
17:56 Guard Tower
17:59 Arcane Sanctum
18:06 Guard Tower
18:06 Guard Tower
18:09 Scout Tower
18:09 Scout Tower
18:09 Scout Tower
18:13 Scout Tower
18:14 Scout Tower
18:14 Scout Tower
18:14 Scout Tower
18:15 Scout Tower
18:18 Scout Tower
18:18 Scout Tower
18:20 Scout Tower
18:20 Scout Tower
18:24 Scout Tower
18:24 Scout Tower
18:25 Scout Tower
18:40 Gryphon Aviary
18:45 Arcane Vault
19:06 Guard Tower
19:06 Guard Tower
19:06 Guard Tower
19:08 Guard Tower
19:08 Guard Tower
19:32 Guard Tower
20:28 Guard Tower
20:32 Town Hall
20:34 Scout Tower
20:39 Guard Tower
20:39 Guard Tower
20:58 Guard Tower
20:59 Guard Tower
21:07 Guard Tower
21:38 Blacksmith
21:54 Scout Tower
21:54 Scout Tower
21:55 Scout Tower
22:15 Guard Tower
22:22 Guard Tower
22:23 Guard Tower
22:23 Guard Tower
22:57 Workshop
22:59 Workshop
23:52 Guard Tower
23:52 Guard Tower
26:26 Workshop
27:41 Farm
27:43 Farm
28:54 Town Hall
37:21 Scout Tower
37:47 Gryphon Aviary
37:47 Gryphon Aviary
37:50 Guard Tower
37:50 Guard Tower
39:25 Town Hall
39:28 Scout Tower
40:26 Guard Tower
45:17 Scout Tower
45:17 Scout Tower
45:18 Scout Tower
45:48 Guard Tower
45:48 Guard Tower
45:49 Scout Tower
45:49 Scout Tower
45:50 Scout Tower
45:54 Scout Tower
45:55 Scout Tower
45:56 Scout Tower
46:35 Guard Tower
46:36 Guard Tower
46:39 Town Hall
47:14 Gryphon Aviary
47:15 Guard Tower
47:15 Guard Tower
47:32 Scout Tower
49:45 Guard Tower
49:45 Guard Tower
52:08 Farm
52:08 Farm
52:30 Town Hall
52:48 Farm
55:05 Scout Tower
55:06 Scout Tower
55:09 Scout Tower
55:09 Scout Tower
62:32 Town Hall
65:13 Town Hall
66:53 Keep
66:53 Keep
73:13 Scout Tower
75:02 Altar of Kings
75:17 Blacksmith
76:15 Town Hall
76:31 Workshop
76:40 Workshop
78:47 Castle
81:04 Scout Tower
81:04 Scout Tower
81:04 Scout Tower
81:23 Scout Tower
81:24 Scout Tower
81:25 Scout Tower
83:02 Arcane Tower
83:02 Arcane Tower
» items
| Scroll of Regeneration | 4 | |
| Staff of Teleportation | 2 | |
| Boots of Speed | 1 | |
| Scroll of Healing | 1 | |
| Orb of Corruption | 1 | |
| Scroll of Town Portal | 12 | |
| Staff of Sanctuary | 1 | |
| Tome of Retraining | 1 | |
| Scroll of Protection | 1 | |
| Potion of Healing | 3 | |
27 total

»
S2GDF_Hero (
yellow | 87 APM | 7854 actions | 90:12)
10 Warden
3 Shadow Strike
3 Fan of Knives
2 Spirit of Vengeance
2 Blink
» actions
| Assign group hotkey | 236 | |
| Basic commands | 392 | |
| Build / train | 133 | |
| ESC pressed | 9 | |
| Enter build submenu | 34 | |
| Enter hero's abilities submenu | 14 | |
| Give item / drop item | 7 | |
| Right click | 4175 | |
| Select / deselect | 1091 | |
| Select group hotkey | 1152 | |
| Use ability | 611 | |
7854 total
» units
| Wisp | 44 | |
| Huntress | 10 | |
| Dryad | 16 | |
| Druid of the Claw | 2 | |
| Mountain Giant | 2 | |
74 total
» upgrades
| Nature's Blessing | 1 | |
| Sentinel | 1 | |
| Druid of the Claw Training | 2 | |
| Abolish Magic | 1 | |
| Strength of the Wild | 3 | |
| Reinforced Hides | 3 | |
| Ultravision | 1 | |
| Well Spring | 1 | |
| Hardened Skin | 1 | |
| Resistant Skin | 1 | |
15 total
» buildings
| Altar of Elders | 1 | |
| Moon Well | 11 | |
| Hunter's Hall | 2 | |
| Ancient of War | 1 | |
| Tree of Ages | 3 | |
| Ancient of Lore | 4 | |
| Tree of Life | 4 | |
| Ancient Protector | 7 | |
| Tree of Eternity | 1 | |
| Ancient of Wonders | 1 | |
35 total
» build order
00:08 Altar of Elders
00:18 Moon Well
00:56 Moon Well
02:02 Moon Well
02:18 Hunter's Hall
02:45 Ancient of War
03:33 Tree of Ages
03:34 Tree of Ages
05:44 Moon Well
06:11 Ancient of Lore
06:23 Tree of Life
06:41 Ancient Protector
06:42 Ancient Protector
11:07 Tree of Life
11:19 Moon Well
12:07 Tree of Eternity
12:23 Ancient of Lore
14:20 Ancient of Lore
14:21 Ancient of Lore
15:13 Hunter's Hall
17:00 Moon Well
17:03 Moon Well
20:57 Tree of Life
21:20 Moon Well
21:23 Moon Well
21:38 Ancient Protector
21:44 Ancient Protector
21:44 Ancient Protector
21:44 Ancient Protector
22:22 Ancient Protector
23:53 Ancient of Wonders
30:48 Tree of Life
43:01 Moon Well
43:02 Moon Well
» items
| Boots of Speed | 1 | |
| Staff of Teleportation | 2 | |
| Scroll of Regeneration | 1 | |
| Lesser Clarity Potion | 1 | |
| Scroll of Town Portal | 5 | |
| Scroll of Healing | 2 | |
| Orb of Corruption | 1 | |
| Potion of Healing | 2 | |
| Potion of Lesser Invulnerability | 2 | |
| Tome of Retraining | 1 | |
| Potion of Invisibility | 1 | |
19 total

»
TIMG4STRok (
purple | 106 APM | 9556 actions | 90:12)
9 Death Knight
3 Death Coil
3 Unholy Aura
1 Animate Dead
2 Death Pact
7 Lich
3 Frost Nova
3 Frost Armor
1 Death and Decay
» actions
| Assign group hotkey | 54 | |
| Basic commands | 291 | |
| Build / train | 106 | |
| ESC pressed | 11 | |
| Enter build submenu | 47 | |
| Enter hero's abilities submenu | 17 | |
| Give item / drop item | 15 | |
| Right click | 4394 | |
| Select / deselect | 782 | |
| Select group hotkey | 3490 | |
| Use ability | 348 | |
9556 total
» units
| Acolyte | 21 | |
| Ghoul | 3 | |
| Crypt Fiend | 14 | |
| Frost Wyrm | 12 | |
50 total
» upgrades
| Creature Attack | 3 | |
| Creature Carapace | 4 | |
| Web | 1 | |
| Burrow | 1 | |
| Freezing Breath | 1 | |
10 total
» buildings
| Graveyard | 3 | |
| Crypt | 2 | |
| Ziggurat | 24 | |
| Altar of Darkness | 3 | |
| Tomb of Relics | 2 | |
| Halls of the Dead | 3 | |
| Sacrificial Pit | 3 | |
| Black Citadel | 3 | |
| Spirit Tower | 3 | |
| Nerubian Tower | 1 | |
| Boneyard | 4 | |
| Necropolis | 5 | |
| Slaughterhouse | 3 | |
59 total
» build order
00:07 Graveyard
00:10 Crypt
00:40 Ziggurat
00:57 Altar of Darkness
01:48 Ziggurat
02:02 Tomb of Relics
04:10 Halls of the Dead
04:34 Ziggurat
05:21 Ziggurat
06:44 Sacrificial Pit
07:45 Black Citadel
08:24 Spirit Tower
08:24 Nerubian Tower
09:04 Ziggurat
09:07 Ziggurat
10:36 Boneyard
10:37 Boneyard
10:40 Ziggurat
19:08 Spirit Tower
19:10 Spirit Tower
24:58 Ziggurat
24:59 Ziggurat
27:17 Necropolis
27:22 Graveyard
27:24 Crypt
27:40 Ziggurat
27:41 Ziggurat
27:42 Ziggurat
28:59 Halls of the Dead
29:03 Ziggurat
29:04 Ziggurat
29:06 Ziggurat
29:07 Ziggurat
29:21 Necropolis
30:50 Necropolis
31:35 Altar of Darkness
33:29 Black Citadel
33:32 Sacrificial Pit
36:49 Sacrificial Pit
38:30 Boneyard
38:31 Boneyard
60:25 Altar of Darkness
60:27 Ziggurat
75:56 Necropolis
79:42 Necropolis
85:56 Halls of the Dead
85:59 Graveyard
86:02 Ziggurat
86:03 Ziggurat
86:05 Ziggurat
88:55 Black Citadel
88:58 Slaughterhouse
88:59 Slaughterhouse
89:00 Slaughterhouse
89:05 Tomb of Relics
89:11 Ziggurat
89:12 Ziggurat
89:12 Ziggurat
89:13 Ziggurat
» items
| Rod of Necromancy | 1 | |
| Lesser Clarity Potion | 2 | |
| Potion of Mana | 3 | |
| Potion of Healing | 1 | |
| Scroll of Town Portal | 9 | |
| Periapt of Vitality | 1 | |
| Staff of Sanctuary | 1 | |
18 total
Chat log
(00:18 / All) ELIJAHCUMMINGS: yo was just wondering have ya'll noticed that teh top and bottom creep camps on this map
(00:24 / All) ELIJAHCUMMINGS: have been giving tome of exp ever since today?
(00:30 / Allies) Mata.: how often do peeps fall for this
(00:31 / All) S2GDF_Hero: hey this is kodos_forsaken
(00:37 / All) S2GDF_Hero: hope you guys are ready to win this game
(00:39 / Allies) ELIJAHCUMMINGS: every time almost
(00:39 / All) S2GDF_Hero: and post the replay
(00:41 / All) S2GDF_Hero: on wcreplays.com
(00:47 / Allies) ELIJAHCUMMINGS: lol G_O
(00:56 / All) Homeskillet.: too lazy to post lol
(01:05 / All) S2GDF_Hero: no post it
(01:08 / All) ELIJAHCUMMINGS: so have u guys noticed or what?
(01:09 / All) S2GDF_Hero: i want all of my 10,000 games
(01:10 / All) S2GDF_Hero: on one site
(01:16 / Allies) ELIJAHCUMMINGS: LOL
(01:23 / Allies) TIMG4STRok: do you not like him ghetto
(01:25 / Allies) S2GDF_Hero: lol no
(01:27 / Allies) S2GDF_Hero: i just think it's funny
(01:29 / Allies) S2GDF_Hero: the hate he gets
(01:31 / All) ELIJAHCUMMINGS: yo can a guy get an question answered or what
(01:32 / All) HomeSnaggle.: k
(01:34 / Allies) S2GDF_Hero: it's good to mock
(01:35 / Allies) S2GDF_Hero: <3
(01:35 / Allies) TIMG4STRok: cuz he a big noob dodger
(01:44 / Allies) TIMG4STRok: guy dodges more than ive ever seen
(01:52 / Allies) Mata.: its the truth
(01:53 / Allies) TIMG4STRok: its kind of ridiculous
(01:54 / Allies) S2GDF_Hero: well that's what makes it funny
(02:03 / Allies) Mata.: agree
(02:07 / Allies) S2GDF_Hero: people get so worked up over it
(02:15 / Allies) TIMG4STRok: yeah but he aint dodging because its funny
(02:18 / Allies) Mata.: gonan fexpo, hope i dont get harassed GL HF
(02:19 / Allies) TIMG4STRok: hes dodging because he is bad
(02:23 / Allies) S2GDF_Hero: well i mean like
(02:28 / Allies) S2GDF_Hero: people posting all his replays
(02:31 / Allies) S2GDF_Hero: and making fake names of him
(02:33 / Allies) S2GDF_Hero: and all this shit
(02:34 / Allies) S2GDF_Hero: i mean
(02:35 / Allies) TIMG4STRok: ye
(02:36 / Allies) S2GDF_Hero: i find it hard to believe
(02:38 / Allies) S2GDF_Hero: one warcraft 3 player
(02:40 / Allies) S2GDF_Hero: can get people
(02:41 / Allies) S2GDF_Hero: so angry
(02:42 / Allies) S2GDF_Hero: over nothing
(02:51 / All) ELIJAHCUMMINGS: I GET ANGRY QUITE OFTEN THANK U VERY MUCH KODOS
(02:53 / Allies) ELIJAHCUMMINGS: FUCK YOU
(02:54 / All) ELIJAHCUMMINGS: FUCK YOU
(02:57 / Allies) S2GDF_Hero: lol
(03:22 / Allies) S2GDF_Hero: what you want me to do
(03:23 / Allies) S2GDF_Hero: tech?
(03:26 / Allies) Mata.: do whatever
(03:37 / Allies) Mata.: i aint in the business of losing games on this map anyway
(03:40 / Allies) S2GDF_Hero: they're all chasing me
(03:45 / Allies) S2GDF_Hero: for no reason
(05:06 / All) S2GDF_Hero: gotta creep dat
(05:12 / All) S2GDF_Hero: gotta creep dat
(05:19 / All) S2GDF_Hero: gotta creep dat
(05:22 / Allies) ELIJAHCUMMINGS: BASTARDS
(05:23 / Allies) ELIJAHCUMMINGS: ok
(05:24 / Allies) ELIJAHCUMMINGS: nO
(05:27 / Allies) ELIJAHCUMMINGS: NP
(05:27 / Allies) Mata.: m ake it there
(05:28 / All) S2GDF_Hero: gotta creep dat
(06:01 / Allies) ELIJAHCUMMINGS: dumb noob UD
(06:04 / Allies) ELIJAHCUMMINGS: k well he'll die
(06:26 / Allies) Mata.: i thought this would be some serious smurf team
(06:28 / Allies) Mata.: but they are noobs
(06:45 / Allies) S2GDF_Hero: okay shit not good
(06:50 / Allies) ELIJAHCUMMINGS: npe
(06:51 / Allies) ELIJAHCUMMINGS: nope
(06:52 / Allies) ELIJAHCUMMINGS: not good at all
(06:57 / Allies) ELIJAHCUMMINGS: i gotta tp
(06:58 / Allies) ELIJAHCUMMINGS: asap
(07:03 / Allies) S2GDF_Hero: um
(07:04 / Allies) S2GDF_Hero: so im dead?
(07:17 / Allies) ELIJAHCUMMINGS: MONEY
(07:18 / Allies) ELIJAHCUMMINGS: NOW
(07:18 / Allies) ELIJAHCUMMINGS: NOW
(07:53 / Allies) S2GDF_Hero: with enouh wagons
(07:55 / Allies) S2GDF_Hero: im sure we can defend it
(08:06 / Allies) ELIJAHCUMMINGS: G_O
(08:09 / Allies) ELIJAHCUMMINGS: feed me a little gold
(08:10 / Allies) ELIJAHCUMMINGS: i need 2 TPs
(08:34 / Allies) Mata.: im makin a tower
(08:34 / Allies) S2GDF_Hero: that's next i presume
(08:41 / Allies) S2GDF_Hero: one portaled
(08:49 / Allies) TIMG4STRok: WOOD
(08:50 / Allies) TIMG4STRok: wood
(08:51 / Allies) S2GDF_Hero: take
(09:39 / Allies) ELIJAHCUMMINGS: imma destroy OJ's base
(09:47 / Allies) ELIJAHCUMMINGS: mata
(09:48 / Allies) ELIJAHCUMMINGS: gold
(11:41 / Allies) S2GDF_Hero: nvm
(11:44 / Allies) Mata.: hehe
(11:54 / Allies) TIMG4STRok: unsum
(11:55 / Allies) TIMG4STRok: that shit
(11:57 / Allies) ELIJAHCUMMINGS: nah
(12:00 / Allies) ELIJAHCUMMINGS: let him waste his time
(12:13 / Allies) S2GDF_Hero: i can use lumber back
(12:26 / Allies) S2GDF_Hero: thx that's good
(13:17 / Allies) TIMG4STRok: whos got gold
(13:19 / Allies) ELIJAHCUMMINGS: he's coming
(13:20 / Allies) TIMG4STRok: buy me tp and orb please
(13:20 / Allies) Mata.: me
(13:21 / Allies) ELIJAHCUMMINGS: cancel it
(13:22 / Allies) ELIJAHCUMMINGS: now
(13:23 / Allies) Mata.: where
(13:30 / Allies) TIMG4STRok: ty
(13:33 / Allies) S2GDF_Hero: wait on it.
(13:40 / Allies) S2GDF_Hero: fuck
(13:40 / Allies) S2GDF_Hero: wes
(13:52 / Allies) S2GDF_Hero: that cocksucker
(14:06 / Allies) Mata.: I GOT GOLD
(14:07 / Allies) Mata.: this game
(14:11 / Allies) ELIJAHCUMMINGS: ]give
(14:11 / Allies) ELIJAHCUMMINGS: now
(14:13 / Allies) TIMG4STRok: sweet!!
(14:40 / Allies) S2GDF_Hero: lol
(14:41 / Allies) S2GDF_Hero: awesome mata
(14:53 / Allies) TIMG4STRok: god damn
(14:59 / Allies) Mata.: 6 goldmines np
(15:13 / Allies) Mata.: yo i'm still not gonna give you in upkeep
(15:14 / Allies) Mata.: fuck that
(15:34 / Allies) Mata.: fuckkk
(15:39 / Allies) Mata.: no aa?
(15:42 / Allies) Mata.: tp with feinds
(15:43 / Allies) Mata.: please
(15:56 / Allies) Mata.: sigh noob allies
(16:00 / Allies) ELIJAHCUMMINGS: tOP/
(16:18 / Allies) TIMG4STRok: now imstuck
(16:19 / Allies) TIMG4STRok: fuck
(16:22 / Allies) TIMG4STRok: buy me tp
(16:26 / Allies) Mata.: goo
(16:31 / Allies) Mata.: i buy you 2 tps
(17:10 / Allies) TIMG4STRok: need wood
(17:11 / Allies) TIMG4STRok: and a tp
(17:15 / Allies) TIMG4STRok: killed all my ghouls
(17:30 / Allies) TIMG4STRok: tp me mata
(18:32 / Allies) Mata.: should i get hawk or tank
(18:55 / Allies) TIMG4STRok: mo lum
(19:23 / Allies) ELIJAHCUMMINGS: i'll tp
(19:24 / Allies) ELIJAHCUMMINGS: soon
(20:04 / Allies) ELIJAHCUMMINGS: tp
(20:35 / Allies) TIMG4STRok: lum
(20:36 / Allies) S2GDF_Hero: can i get gold
(20:44 / Allies) ELIJAHCUMMINGS: there
(20:49 / Allies) TIMG4STRok: buy me tp mata
(20:51 / Allies) S2GDF_Hero: Sweet.
(21:04 / Allies) Mata.: just ask the sugar daddy
(21:23 / Allies) TIMG4STRok: need a fuckin dark ranger
(21:23 / Allies) ELIJAHCUMMINGS: why couldnt we just have had an orc
(21:24 / Allies) ELIJAHCUMMINGS: t.t
(21:34 / Allies) TIMG4STRok: and some tanks maybe
(21:38 / Allies) Mata.: ok fine
(22:41 / Allies) Mata.: blue you got a bone dragon
(22:41 / Allies) Mata.: here
(22:49 / Allies) TIMG4STRok: yeha they got many antiwyrm
(23:01 / Allies) TIMG4STRok: buy me tp again please
(23:04 / Allies) S2GDF_Hero: brt
(23:25 / Allies) Mata.: no tanks yet
(23:26 / Allies) Mata.: but soon maybe
(23:32 / Allies) TIMG4STRok: tp
(23:32 / Allies) S2GDF_Hero: Goin.
(24:02 / Allies) Mata.: silence or something damn
(24:38 / Allies) Mata.: ok tanks out now
(24:49 / Allies) TIMG4STRok: mega wood me
(25:00 / Allies) Mata.: ask the elf
(25:06 / Allies) ELIJAHCUMMINGS: i gave it to him
(25:24 / Allies) Mata.: didnt your mother teach you to share
(25:33 / Allies) ELIJAHCUMMINGS: oh thought i did
(25:38 / Allies) Mata.: expand or something
(25:56 / Allies) Mata.: nice one timg
(26:14 / Allies) ELIJAHCUMMINGS: damn
(26:16 / Allies) ELIJAHCUMMINGS: game
(26:24 / Allies) Mata.: have you ever played this game before
(26:29 / Allies) Mata.: is usually a bad idea to go out without a tp
(26:31 / Allies) ELIJAHCUMMINGS: yeah i just liked to say that
(26:37 / Allies) TIMG4STRok: yeah forgot that
(26:40 / Allies) TIMG4STRok: and tried to run to their thing
(26:51 / Allies) Mata.: ill try to tp in
(26:53 / Allies) Mata.: or
(26:56 / Allies) Mata.: do we sac the base
(26:59 / Allies) S2GDF_Hero: brt
(27:05 / Allies) Mata.: dont in
(27:17 / Allies) S2GDF_Hero: gold me sugar daddy
(27:25 / Allies) Mata.: im going upkeep now
(27:26 / Allies) S2GDF_Hero: Sweet.
(27:27 / Allies) S2GDF_Hero: <3
(28:30 / Allies) Mata.: im there
(28:38 / Allies) Mata.: lets hit and shit
(28:48 / Allies) Mata.: ill zeptank their expos meanwhile
(28:55 / Allies) S2GDF_Hero: ok
(29:09 / Allies) TIMG4STRok: source me
(29:10 / Allies) TIMG4STRok: i aint in upk
(30:15 / Allies) Mata.: abolish wards thx
(30:39 / Allies) S2GDF_Hero: im out
(30:40 / Allies) TIMG4STRok: had to out
(30:52 / Allies) TIMG4STRok: yo mata gold me
(30:54 / Allies) ELIJAHCUMMINGS: thats game
(30:54 / Allies) TIMG4STRok: im at 31 food
(31:09 / Allies) S2GDF_Hero: how is that game
(31:11 / Allies) S2GDF_Hero: we have a teammate
(31:15 / Allies) S2GDF_Hero: with three expos
(31:16 / Allies) S2GDF_Hero: four
(31:18 / Allies) ELIJAHCUMMINGS: well
(31:23 / Allies) ELIJAHCUMMINGS: game as in 2 more hours
(31:26 / Allies) ELIJAHCUMMINGS: if not right away
(31:32 / Allies) S2GDF_Hero: k
(31:47 / Allies) TIMG4STRok: mo gold
(31:56 / Allies) Mata.: im in upkeep guy
(31:57 / Allies) ELIJAHCUMMINGS: holy shit
(31:58 / Allies) ELIJAHCUMMINGS: 10k
(32:00 / Allies) ELIJAHCUMMINGS: i am not noticing this
(32:01 / Allies) ELIJAHCUMMINGS: give me gold now
(32:32 / Allies) ELIJAHCUMMINGS: was tabbed lol
(32:34 / Allies) TIMG4STRok: go
(32:38 / Allies) S2GDF_Hero: son of a bitch
(32:53 / Allies) Mata.: im killing their expos
(32:54 / Allies) Mata.: as fast as i can
(33:45 / Allies) Mata.: lmao they're broke
(33:52 / Allies) S2GDF_Hero: yeah]
(34:14 / Allies) ELIJAHCUMMINGS: g_o
(34:15 / Allies) ELIJAHCUMMINGS: u got shit
(34:18 / Allies) TIMG4STRok: gogogogo
(34:19 / Allies) S2GDF_Hero: i have nothing
(35:22 / Allies) S2GDF_Hero: gold me again?
(35:40 / Allies) S2GDF_Hero: thx
(35:56 / Allies) S2GDF_Hero: as far as i can tell
(35:59 / Allies) S2GDF_Hero: we're just fucking with them
(35:59 / Allies) S2GDF_Hero: right
(36:07 / Allies) ELIJAHCUMMINGS: 60% right
(36:21 / Allies) ELIJAHCUMMINGS: 2-- gld
(36:23 / Allies) ELIJAHCUMMINGS: 200 gold
(36:24 / Allies) ELIJAHCUMMINGS: now
(36:41 / Allies) Mata.: should i get
(36:43 / Allies) Mata.: 100 food gryphon ?
(36:44 / Allies) Mata.: or
(36:52 / Allies) S2GDF_Hero: that works
(36:55 / Allies) S2GDF_Hero: any damage-dealing unit en masse
(36:57 / Allies) S2GDF_Hero: will win the game
(37:01 / Allies) Mata.: dont think i can afford it anymore
(37:05 / Allies) S2GDF_Hero: i think orange still has a ton
(37:07 / Allies) S2GDF_Hero: but that's it
(37:15 / Allies) Mata.: yeah he was camping his shit i couldnt kil lit
(38:11 / Allies) Mata.: keep it together until i get some gryphons
(38:16 / Allies) ELIJAHCUMMINGS: k
(38:26 / Allies) ELIJAHCUMMINGS: more gold
(38:27 / Allies) ELIJAHCUMMINGS: if u have
(38:28 / Allies) Mata.: dont
(38:53 / Allies) TIMG4STRok: need wood
(38:57 / Allies) TIMG4STRok: and any gold you can spare
(38:59 / Allies) TIMG4STRok: gonna make wyrm
(39:01 / Allies) ELIJAHCUMMINGS: there
(39:55 / Allies) ELIJAHCUMMINGS: no gold for tp
(40:07 / Allies) Mata.: damn i cant take that sorz
(40:35 / Allies) S2GDF_Hero: sorry
(41:53 / Allies) Mata.: eh ok i tp up i guess
(41:57 / Allies) Mata.: wish me luck
(44:20 / Allies) TIMG4STRok: killing them fiends
(45:03 / Allies) S2GDF_Hero: if you gold me
(45:05 / Allies) S2GDF_Hero: can make more wells
(45:36 / Allies) Mata.: go
(46:15 / Allies) Mata.: no
(46:16 / Allies) Mata.: tp
(46:20 / Allies) Mata.: buying onw
(46:37 / Allies) TIMG4STRok: focus sh
(46:56 / Allies) TIMG4STRok: walk
(46:56 / Allies) Mata.: hmm
(47:04 / Allies) TIMG4STRok: build tech
(47:06 / Allies) TIMG4STRok: on an island
(47:06 / Allies) TIMG4STRok: maybe
(47:10 / Allies) Mata.: yeah i got it
(47:11 / Allies) TIMG4STRok: lets clear their expos
(47:18 / Allies) Mata.: i already have pretty much
(47:28 / Allies) S2GDF_Hero: as far as i know
(47:31 / Allies) S2GDF_Hero: they have no running expos
(47:44 / Allies) Mata.: coming
(48:08 / Allies) Mata.: sweet, 6
(48:44 / Allies) S2GDF_Hero: lol they can't win
(48:45 / Allies) ELIJAHCUMMINGS: why dont they have more
(48:48 / Allies) TIMG4STRok: no godl
(48:50 / Allies) ELIJAHCUMMINGS: doesnt make sense to me
(48:51 / Allies) Mata.: i've been killing expos
(48:52 / Allies) ELIJAHCUMMINGS: no OJ has
(48:53 / Allies) Mata.: for like an hour dude
(48:57 / Allies) ELIJAHCUMMINGS: i've seen that
(48:58 / Allies) ELIJAHCUMMINGS: but OJ
(49:01 / Allies) ELIJAHCUMMINGS: should have been feeding them
(49:07 / Allies) Mata.: been killing his repeatedly also
(49:29 / Allies) S2GDF_Hero: nvm
(49:49 / Allies) Mata.: finally got an expo
(50:00 / Allies) TIMG4STRok: get a shop up there
(50:05 / Allies) ELIJAHCUMMINGS: fucker DR took all those wyrms from me
(50:05 / Allies) TIMG4STRok: in case i gotta tp
(50:30 / Allies) Mata.: damn didnt know they had 6
(50:46 / Allies) Mata.: if you need a mass tele somewhere lmk
(50:53 / Allies) ELIJAHCUMMINGS: 100 gold
(50:54 / Allies) S2GDF_Hero: ??
(50:57 / Allies) Mata.: im thinking that
(51:18 / Allies) ELIJAHCUMMINGS: g_o give me that 54 gold
(51:28 / Allies) ELIJAHCUMMINGS: lol 7 gold
(51:33 / Allies) S2GDF_Hero: yo mata
(51:35 / Allies) S2GDF_Hero: you wanna mass TP
(51:37 / Allies) S2GDF_Hero: when i blink down?
(51:40 / Allies) Mata.: no
(51:42 / Allies) S2GDF_Hero: orange is there now
(51:56 / Allies) Mata.: make them camp that
(51:59 / Allies) Mata.: i'll expand i guess
(53:07 / Allies) ELIJAHCUMMINGS: did u kill these
(53:11 / Allies) S2GDF_Hero: no
(53:12 / Allies) S2GDF_Hero: couldn't
(53:12 / Allies) ELIJAHCUMMINGS: k
(53:14 / Allies) ELIJAHCUMMINGS: o
(53:16 / Allies) Mata.: they campin in
(53:42 / Allies) S2GDF_Hero: hackers down.
(53:47 / Allies) ELIJAHCUMMINGS: lolz
(53:52 / Allies) TIMG4STRok: red is building
(53:53 / Allies) TIMG4STRok: things
(54:00 / Allies) S2GDF_Hero: he's the only one with gold right
(54:47 / All) ELIJAHCUMMINGS: gg noob
(54:51 / Allies) S2GDF_Hero: yeah he's not getting out a single peasant
(54:52 / All) ELIJAHCUMMINGS: PINKY N00BY
(55:02 / Allies) Mata.: i wanna mass tp
(55:07 / Allies) S2GDF_Hero: go.
(55:11 / Allies) ELIJAHCUMMINGS: zepp
(55:27 / Allies) TIMG4STRok: wowee zowee
(55:34 / Allies) TIMG4STRok: cyclone is gay
(55:37 / Allies) Mata.: hmm
(55:39 / Allies) ELIJAHCUMMINGS: feed me a lil gold mmmmmmmmmmmk thx
(55:44 / Allies) ELIJAHCUMMINGS: lol
(55:49 / Allies) S2GDF_Hero: checkin it out.
(55:49 / Allies) ELIJAHCUMMINGS: 300
(55:50 / Allies) ELIJAHCUMMINGS: all i ask
(55:51 / Allies) ELIJAHCUMMINGS: 400
(55:56 / Allies) Mata.: damn that army is so big
(55:59 / Allies) ELIJAHCUMMINGS: k wow
(56:01 / Allies) ELIJAHCUMMINGS: yeah that is big
(56:13 / Allies) ELIJAHCUMMINGS: kill buildings
(56:18 / Allies) Mata.: yeah gonna try to baserace it
(56:20 / Allies) Mata.: we still have towers atleast
(56:23 / Allies) Mata.: and i got 2.5k
(56:27 / Allies) TIMG4STRok: need a tp
(56:54 / Allies) ELIJAHCUMMINGS: k yeah next game vs these faggots
(56:57 / Allies) ELIJAHCUMMINGS: making more towers at my expo
(56:59 / Allies) S2GDF_Hero: im out after this
(56:59 / Allies) TIMG4STRok: yo 20 gold please
(57:03 / Allies) ELIJAHCUMMINGS: k
(57:12 / Allies) TIMG4STRok: ty
(58:21 / Allies) ELIJAHCUMMINGS: damn
(58:21 / Allies) Mata.: sighhhhh
(58:28 / Allies) TIMG4STRok: that is gay as fuck
(58:48 / Allies) TIMG4STRok: wand of 200 gold
(59:24 / Allies) S2GDF_Hero: so uh
(59:28 / Allies) S2GDF_Hero: is this turning into a highperch
(59:33 / Allies) S2GDF_Hero: i have no problem with staying logged on for the night
(59:36 / Allies) ELIJAHCUMMINGS: if it is they have no chance
(59:43 / Allies) ELIJAHCUMMINGS: TP
(59:43 / Allies) ELIJAHCUMMINGS: TP
(59:55 / Allies) Mata.: damn i did a noob thing there
(59:59 / Allies) Mata.: should have gone for their last shit
(60:03 / Allies) Mata.: but i panicked
(60:13 / Allies) TIMG4STRok: gold me for a fuckin dk
(60:17 / Allies) ELIJAHCUMMINGS: get ready to zpi out of there
(60:17 / Allies) S2GDF_Hero: i got nothing
(60:42 / Allies) TIMG4STRok: go there now imo
(60:44 / Allies) Mata.: on it
(61:10 / Allies) ELIJAHCUMMINGS: few buildings left
(61:17 / Allies) TIMG4STRok: damn you aint got a tp
(61:21 / Allies) Mata.: buying one
(61:23 / Allies) TIMG4STRok: id run to safety if i was you
(61:30 / Allies) Mata.: yeah silence could mess me up
(61:31 / Allies) TIMG4STRok: dang
(61:34 / Allies) TIMG4STRok: need 127g for lich
(61:42 / Allies) TIMG4STRok: ty
(61:50 / Allies) Mata.: dont be a greedy noob with it tho
(61:55 / Allies) ELIJAHCUMMINGS: go back here
(61:56 / Allies) ELIJAHCUMMINGS: G)O
(61:58 / Allies) ELIJAHCUMMINGS: then zip over
(61:59 / Allies) ELIJAHCUMMINGS: from tehre
(62:05 / Allies) S2GDF_Hero: um
(62:07 / Allies) S2GDF_Hero: did you see
(62:08 / Allies) S2GDF_Hero: red
(62:11 / Allies) ELIJAHCUMMINGS: yeah he left
(62:19 / Allies) ELIJAHCUMMINGS: i wasnt controlling u lol
(62:20 / Allies) TIMG4STRok: why did you get ult
(62:21 / Allies) TIMG4STRok: anyway
(62:25 / Allies) S2GDF_Hero: cause
(62:31 / Allies) S2GDF_Hero: it's my ultimate!!! :D
(62:43 / Allies) Mata.: blink3 is next best spell
(62:45 / Allies) Mata.: best is mass tele
(62:52 / Allies) S2GDF_Hero: i have level 3 blink
(62:57 / Allies) TIMG4STRok: he dont got ss
(63:00 / Allies) TIMG4STRok: only level 2
(63:06 / Allies) S2GDF_Hero: meh
(63:09 / Allies) Mata.: oh well better than 2 blink
(63:16 / Allies) TIMG4STRok: yeah
(63:18 / Allies) TIMG4STRok: but 3 fok??
(63:21 / Allies) S2GDF_Hero: uh
(63:25 / Allies) S2GDF_Hero: that thing has killed about 40 workers
(63:25 / Allies) S2GDF_Hero: lol
(63:30 / Allies) ELIJAHCUMMINGS: well i think its been 55 minutes since i said 2 hours
(63:34 / Allies) ELIJAHCUMMINGS: so i guess I was wrong
(63:49 / Allies) ELIJAHCUMMINGS: then again
(63:53 / Allies) ELIJAHCUMMINGS: if they just stand there
(63:56 / Allies) TIMG4STRok: where is gayh pink
(63:57 / Allies) ELIJAHCUMMINGS: i'll be close
(64:04 / Allies) TIMG4STRok: red is gone
(64:17 / Allies) TIMG4STRok: if i can make a graveyard
(64:20 / Allies) TIMG4STRok: ill just keep using my ult
(64:23 / Allies) Mata.: i can take that shit
(64:26 / Allies) TIMG4STRok: or are acos dead
(64:32 / Allies) S2GDF_Hero: acos aren't dead yet
(64:48 / All) ELIJAHCUMMINGS: gg
(64:49 / Allies) TIMG4STRok: b
(64:58 / Allies) ELIJAHCUMMINGS: why are they still here
(65:01 / Allies) S2GDF_Hero: what i need is vision lol
(65:20 / Allies) TIMG4STRok: they selling items
(65:27 / Allies) ELIJAHCUMMINGS: why are they still here
(65:31 / Allies) Mata.: scout them out when they leave one by one like that
(65:31 / All) S2GDF_Hero: look at you noobs
(65:34 / All) S2GDF_Hero: prolonging this game
(65:34 / Allies) Mata.: and i can keep picking them off
(65:39 / All) S2GDF_Hero: disgusting
(65:40 / All) S2GDF_Hero: and not in the spirit
(65:42 / All) HomeSnaggle.: k
(65:42 / All) S2GDF_Hero: of towercraft 3
(65:43 / All) S2GDF_Hero: imo
(65:46 / All) HomeSnaggle.: k
(65:53 / All) ELIJAHCUMMINGS: home nooby oJ has sour grapes
(66:05 / Allies) Mata.: warden
(66:06 / Allies) S2GDF_Hero: did he really hex
(66:07 / Allies) Mata.: get me there
(66:18 / All) ELIJAHCUMMINGS: so he wants his revenge
(66:20 / Allies) Mata.: eh forget it
(66:21 / All) ELIJAHCUMMINGS: what a nooooooooooob
(66:28 / Allies) S2GDF_Hero: sorry
(66:29 / Allies) S2GDF_Hero: my fault
(66:31 / Allies) S2GDF_Hero: i saw the other ping
(66:32 / Allies) S2GDF_Hero: got confused
(66:40 / Allies) ELIJAHCUMMINGS: ooh no dead lich
(67:00 / Allies) Mata.: should i get tank
(67:05 / Allies) ELIJAHCUMMINGS: yes
(67:08 / Allies) ELIJAHCUMMINGS: just mass em
(67:08 / Allies) Mata.: and force an end
(67:09 / Allies) TIMG4STRok: me
(67:10 / Allies) Mata.: gonna be a while
(67:10 / Allies) ELIJAHCUMMINGS: it'll be over
(67:13 / Allies) Mata.: until t3
(67:15 / Allies) ELIJAHCUMMINGS: then nm
(67:19 / Allies) ELIJAHCUMMINGS: just mass whatever
(67:19 / Allies) S2GDF_Hero: someone control meh
(67:20 / Allies) ELIJAHCUMMINGS: air etc
(67:34 / Allies) Mata.: i hide
(67:34 / Allies) Mata.: gogo
(68:04 / Allies) Mata.: coming
(68:10 / Allies) Mata.: nahh
(68:15 / Allies) TIMG4STRok: yeah cant touch that
(68:22 / Allies) TIMG4STRok: a little ridiculous
(68:34 / Allies) ELIJAHCUMMINGS: fucking
(68:35 / Allies) Mata.: dead warden
(68:39 / Allies) Mata.: nm nice
(68:43 / Allies) TIMG4STRok: i got
(68:55 / Allies) Mata.: pogh
(68:58 / Allies) S2GDF_Hero: thanks a ton
(69:01 / Allies) TIMG4STRok: man
(69:01 / Allies) ELIJAHCUMMINGS: just giev gold
(69:02 / Allies) Mata.: i got money
(69:04 / Allies) TIMG4STRok: who ran in there anyway
(69:07 / Allies) ELIJAHCUMMINGS: he didnt
(69:09 / Allies) ELIJAHCUMMINGS: was me
(69:10 / Allies) ELIJAHCUMMINGS: but
(69:12 / Allies) ELIJAHCUMMINGS: he didnt blink out
(69:12 / Allies) TIMG4STRok: and why didnt you blink out the back
(69:15 / Allies) ELIJAHCUMMINGS: he blinked into the tree
(69:15 / Allies) ELIJAHCUMMINGS: s
(69:20 / Allies) ELIJAHCUMMINGS: right here
(69:22 / Allies) TIMG4STRok: should have blinked off the ledge
(69:23 / Allies) ELIJAHCUMMINGS: i tried blinking out
(69:48 / Allies) Mata.: someone take this ?
(69:50 / Allies) Mata.: anyone got worker ?
(69:55 / Allies) TIMG4STRok: i got
(69:58 / Allies) ELIJAHCUMMINGS: not anymore
(70:06 / Allies) TIMG4STRok: ill take this
(70:08 / Allies) TIMG4STRok: i guess
(71:21 / Allies) Mata.: can we abuse death and decay
(71:21 / Allies) Mata.: like
(71:23 / Allies) Mata.: from the lower levels
(71:36 / Allies) S2GDF_Hero: don't see why not
(71:40 / Allies) TIMG4STRok: ok
(71:45 / Allies) TIMG4STRok: be there with some aa tho
(72:08 / Allies) Mata.: cancel
(72:11 / Allies) ELIJAHCUMMINGS: g_O
(72:11 / Allies) ELIJAHCUMMINGS: get this
(72:13 / Allies) TIMG4STRok: fuck
(72:21 / Allies) TIMG4STRok: gogog
(72:22 / Allies) TIMG4STRok: tp
(72:23 / Allies) TIMG4STRok: gonna dnd
(72:32 / Allies) ELIJAHCUMMINGS: out
(72:57 / Allies) Mata.: i gotta bail
(73:00 / Allies) ELIJAHCUMMINGS: gg'd
(73:08 / Allies) TIMG4STRok: damn
(73:18 / Allies) TIMG4STRok: g0ld for lich
(73:31 / Allies) TIMG4STRok: gotta get in there
(73:32 / Allies) TIMG4STRok: and kill aco
(73:39 / Allies) S2GDF_Hero: rofl
(73:43 / Allies) ELIJAHCUMMINGS: i already checked that shit
(73:44 / Allies) ELIJAHCUMMINGS: g_O
(73:46 / Allies) ELIJAHCUMMINGS: nothing
(73:53 / Allies) S2GDF_Hero: im just checking for extra buildings
(73:56 / Allies) TIMG4STRok: he out and about
(73:59 / Allies) ELIJAHCUMMINGS: yeah thats what i 'm saying
(74:02 / Allies) ELIJAHCUMMINGS: already checked
(74:03 / Allies) Mata.: get me close to that
(74:06 / Allies) Mata.: every time teal leaves
(74:06 / Allies) TIMG4STRok: can we get a critter
(74:07 / Allies) Mata.: i wana hit
(74:08 / Allies) TIMG4STRok: behind the tree
(74:58 / Allies) Mata.: i went to no upk
(75:02 / All) ELIJAHCUMMINGS: u noobs have been fined by blizzard entertainment for unsportsmanlike conduct
(75:07 / All) HomeSnaggle.: k
(75:11 / All) ELIJAHCUMMINGS: oh and being a contrarian to a rational human beinng
(75:14 / All) HomeSnaggle.: k
(75:16 / All) ELIJAHCUMMINGS: you know, wasting your life
(75:18 / All) ELIJAHCUMMINGS: and all
(75:18 / All) HomeSnaggle.: k
(75:20 / All) ELIJAHCUMMINGS: thats all
(75:20 / All) HomeSnaggle.: K
(75:37 / All) ELIJAHCUMMINGS: sad, you vs. ppl playing random
(75:39 / All) ELIJAHCUMMINGS: and still lose
(76:23 / Allies) S2GDF_Hero: omg green is stabbign
(76:34 / All) S2GDF_Hero: gg green is stabbing my hero with a guard tower arrow
(76:36 / All) S2GDF_Hero: every 20 seconds
(76:37 / All) S2GDF_Hero: gg
(76:39 / All) HomeSnaggle.: k
(76:39 / All) S2GDF_Hero: green is stabbing
(76:42 / All) HomeSnaggle.: k
(77:09 / Allies) TIMG4STRok: make arcane or two
(77:10 / Allies) TIMG4STRok: for revela
(77:12 / All) S2GDF_Hero: as someone eating spaghetti right now, i am really getting a kick out of these replies
(77:29 / All) ELIJAHCUMMINGS: i'm having sex right now
(77:35 / All) ELIJAHCUMMINGS: RIGHT NOW
(77:38 / All) ELIJAHCUMMINGS: WITH MY POODLE
(77:49 / All) ELIJAHCUMMINGS: you bastards
(77:51 / All) ELIJAHCUMMINGS: HOW FUCKING DARE YOU
(78:04 / Allies) S2GDF_Hero: Finish it!
(78:05 / All) ELIJAHCUMMINGS: U LOSE GG
(78:07 / Allies) TIMG4STRok: get main
(78:07 / All) ELIJAHCUMMINGS: g
(78:08 / All) ELIJAHCUMMINGS: G
(78:08 / All) ELIJAHCUMMINGS: G
(78:08 / All) ELIJAHCUMMINGS: G
(78:09 / All) ELIJAHCUMMINGS: G
(78:09 / All) ELIJAHCUMMINGS: G
(78:10 / All) ELIJAHCUMMINGS: g
(78:10 / All) ELIJAHCUMMINGS: gg
(78:10 / All) ELIJAHCUMMINGS: gG
(78:11 / All) ELIJAHCUMMINGS: G
(78:11 / All) ELIJAHCUMMINGS: G
(78:11 / All) ELIJAHCUMMINGS: G
(78:12 / All) ELIJAHCUMMINGS: G
(78:12 / All) ELIJAHCUMMINGS: g
(78:12 / All) ELIJAHCUMMINGS: g
(78:13 / All) ELIJAHCUMMINGS: G
(78:13 / All) ELIJAHCUMMINGS: G
(78:13 / All) ELIJAHCUMMINGS: g
(78:14 / All) ELIJAHCUMMINGS: g
(78:14 / All) ELIJAHCUMMINGS: g
(78:14 / All) ELIJAHCUMMINGS: g
(78:15 / All) ELIJAHCUMMINGS: g
(78:32 / All) ELIJAHCUMMINGS: BG NO FUCKING RE
(78:32 / Allies) TIMG4STRok: check that
(78:33 / Allies) TIMG4STRok: please
(78:35 / Allies) Mata.: i like winning a game without winning a single figh
(78:36 / Allies) Mata.: t
(79:05 / Allies) TIMG4STRok: ok lmao
(79:11 / All) ELIJAHCUMMINGS: hackers
(79:26 / Allies) Mata.: damn that mine has 10k
(79:43 / Allies) Mata.: yepp
(79:45 / Allies) ELIJAHCUMMINGS: yep
(79:51 / Allies) Mata.: soon i'll have tanks..
(79:53 / Allies) S2GDF_Hero: can i gget gold
(79:55 / Allies) S2GDF_Hero: for lame shit
(80:08 / Allies) Mata.: there's not that much left man
(80:12 / Allies) Mata.: soon
(80:13 / Allies) TIMG4STRok: i can do gay shit like dnd and staff
(80:14 / Allies) S2GDF_Hero: lol
(80:18 / Allies) ELIJAHCUMMINGS: someone buy dragon
(80:24 / Allies) Mata.: nahhh
(80:33 / Allies) TIMG4STRok: where is hu shop
(80:39 / Allies) TIMG4STRok: also gold me
(80:39 / Allies) Mata.: on islands
(80:41 / Allies) TIMG4STRok: for this
(81:01 / Allies) Mata.: where's teal
(81:10 / Allies) ELIJAHCUMMINGS: fuck
(81:11 / Allies) ELIJAHCUMMINGS: it was almost
(81:12 / Allies) Mata.: im making an observatory
(81:33 / Allies) TIMG4STRok: do we got zep
(81:37 / Allies) ELIJAHCUMMINGS: G_O once u get off ledge
(81:41 / Allies) Mata.: im comin there
(81:43 / Allies) ELIJAHCUMMINGS: i want an avatar to control
(82:10 / Allies) Mata.: stupid mk didnt come
(82:40 / Allies) TIMG4STRok: dont run into trap
(82:42 / Allies) Mata.: warden what are you doing
(82:50 / Allies) S2GDF_Hero: it's the drugs man
(83:08 / Allies) TIMG4STRok: yo mata
(83:12 / Allies) TIMG4STRok: tp up here
(83:13 / Allies) TIMG4STRok: sell wand
(83:15 / Allies) TIMG4STRok: buy me staff
(83:16 / Allies) TIMG4STRok: please
(83:18 / Allies) S2GDF_Hero: yo here's what we'll do
(83:21 / Allies) S2GDF_Hero: you mass a fuck-ton of tanks
(83:28 / Allies) S2GDF_Hero: i can invis in
(83:29 / Allies) S2GDF_Hero: with the warden
(83:32 / Allies) S2GDF_Hero: using invis pot
(83:34 / Allies) S2GDF_Hero: buy an invuln
(83:37 / Allies) S2GDF_Hero: to stay alive long enough after
(83:47 / Allies) S2GDF_Hero: you suicide drop the main
(83:55 / Allies) Mata.: yeah ok going 100food tank
(83:58 / Allies) S2GDF_Hero: buy a TP in case
(84:24 / Allies) S2GDF_Hero: gotta make sure that's all they got though
(84:25 / Allies) TIMG4STRok: pass me dat staff
(84:27 / Allies) TIMG4STRok: of save unit
(84:30 / Allies) S2GDF_Hero: 100 gold plz
(84:48 / Allies) TIMG4STRok: bm
(85:28 / Allies) Mata.: its fake
(85:28 / Allies) Mata.: noobs
(85:33 / Allies) Mata.: or ?
(85:35 / Allies) S2GDF_Hero: uh
(85:36 / Allies) S2GDF_Hero: no it's not
(85:48 / Allies) S2GDF_Hero: that one is
(85:57 / Allies) Mata.: orb was making it die so fast
(86:06 / Allies) ELIJAHCUMMINGS: damn u get some mana G_O
(86:15 / Allies) S2GDF_Hero: working on it
(86:16 / Allies) S2GDF_Hero: i need items
(86:17 / Allies) Mata.: i got pendant for warden
(86:22 / Allies) S2GDF_Hero: if we're gonna deathdrop
(86:28 / Allies) TIMG4STRok: yo wheres my staff
(86:31 / Allies) TIMG4STRok: tp to my dk please
(86:39 / Allies) TIMG4STRok: i need it
(86:40 / Allies) S2GDF_Hero: where is it
(86:40 / Allies) Mata.: ahhh they're buying dragons, damn
(86:41 / Allies) TIMG4STRok: so i can dnd
(86:48 / Allies) ELIJAHCUMMINGS: duh
(87:12 / Allies) ELIJAHCUMMINGS: scardy cat
(87:13 / Allies) Mata.: thing is mass tp only brings 24 unit
(87:33 / Allies) S2GDF_Hero: would you please stop feeding them gold jaws
(87:35 / Allies) S2GDF_Hero: lol
(87:41 / Allies) ELIJAHCUMMINGS: it was damn dragon
(87:44 / Allies) ELIJAHCUMMINGS: forgot he could at tack it
(88:00 / Allies) S2GDF_Hero: goin
(88:02 / Allies) Mata.: wait
(88:04 / Allies) Mata.: for more tanks
(88:05 / Allies) Mata.: please
(88:11 / Allies) S2GDF_Hero: ITS WIDE OPEN
(88:15 / Allies) Mata.: didnt realize
(88:19 / Allies) S2GDF_Hero: lol
(88:22 / All) ELIJAHCUMMINGS: aight
(88:25 / All) ELIJAHCUMMINGS: thanks for playing folks
(88:30 / All) Homebrew.: gg
(88:33 / Allies) TIMG4STRok: out
(88:33 / All) Homeskillet.: was fun gg
(88:36 / All) S2GDF_Hero: gg
(88:46 / Allies) Mata.: go again
(89:00 / Allies) Mata.: gogo
(89:02 / Allies) S2GDF_Hero: gimme 200 gold
(89:06 / Allies) Mata.: wait i gotta shop
(89:32 / Allies) S2GDF_Hero: thx hun
(89:36 / Allies) ELIJAHCUMMINGS: gonna make most out of avatar
(89:44 / Allies) S2GDF_Hero: i dont think they have detection
(89:47 / Allies) ELIJAHCUMMINGS: bringing some corpses
(90:01 / Allies) S2GDF_Hero: drill it.
(90:04 / Allies) TIMG4STRok: they gonna get my expo
(90:07 / Allies) S2GDF_Hero: oh noes